 Dungeon Crawl Stone Soup version 0.24-a0-699-g5a66b1aa3b (webtiles) character file.

Game seed: 15300765277257348657, levelgen mode: deterministic

10661 Arixos the Thaumaturge (level 11, -11/87 HPs)
             Began as a Mummy Necromancer on Sept 29, 2019.
             Was a Believer of Kikubaaqudgha.
             Mangled by a salamander (18 damage)
             ... on level 1 of the Snake Pit.
             The game lasted 03:11:12 (15585 turns).

Arixos the Thaumaturge (Mummy Necromancer)         Turns: 15585, Time: 03:11:12

Health: -11/87     AC:  6    Str: 13      XL:     11   Next: 39%
Magic:  25/34      EV: 15    Int: 22 (23) God:    Kikubaaqudgha [**....]
Gold:   696        SH:  6    Dex: 12      Spells: 24/31 levels left

rFire    x . .     SeeInvis .   k - +2 mace (protect)
rCold    + . .     Gourm    .   (no shield)
rNeg     + + +     Faith    .   j - +0 troll leather armour
rPois    ∞         Spirit   .   (no helmet)
rElec    .         Reflect  +   u - +0 cloak
rCorr    .         Harm     .   (no gloves)
MR       +....                  p - +0 pair of boots
Stlth    +.........             q - +6 amulet of reflection
HPRegen  0.64/turn              e - ring of magical power
MPRegen  0.24/turn              b - +6 ring of intelligence

@: no status effects
A: no food or potions, fire vulnerability, cold resistance 1, negative energy
resistance 3, torment resistance, unbreathing
a: Receive Corpses, Renounce Religion


You were on level 1 of the Snake Pit.
You worshipped Kikubaaqudgha.
Kikubaaqudgha was pleased with you.
You were not hungry.

You visited 4 branches of the dungeon, and saw 15 of its levels.

You collected 696 gold pieces.

Inventory:

Hand Weapons
 c - a +3 dagger of freezing
 k - a +2 mace of protection (weapon)
Armour
 g - a +2 leather armour of positive energy
 j - a +0 troll leather armour (worn)
 p - a +0 pair of boots (worn)
 u - a +0 cloak (worn)
Magical Staves
 l - an uncursed staff of power
Jewellery
 b - a +6 ring of intelligence (right hand)
 e - a ring of magical power (left hand)
 f - a +2 ring of slaying
 h - an uncursed ring of resist corrosion
 q - a +6 amulet of reflection (around neck)
 s - an uncursed ring of protection from magic
 v - an uncursed ring of see invisible
Wands
 i - a wand of random effects (15)
 t - a wand of iceblast (7)
Scrolls
 a - 5 scrolls of amnesia
 d - 8 scrolls of remove curse
 n - a scroll of enchant weapon {unknown}
 o - 2 scrolls of fog
Miscellaneous
 r - a phial of floods (inert)


   Skills:
 + Level 8.6 Fighting
 + Level 7.4 Dodging
 - Level 1.5 Stealth
 + Level 10.7 Spellcasting
 + Level 9.6 Necromancy
   Level 4.6 Invocations


You had 24 spell levels left.
You knew the following spells:

 Your Spells              Type           Power        Failure   Level  Hunger
a - Pain                  Necr           ####         1%          1    N/A
c - Vampiric Draining     Necr           ######....   1%          3    N/A
p - Apportation           Tloc           ##....       7%          1    N/A
r - Corpse Rot            Necr           N/A          1%          2    N/A

Your spell library contained the following spells:

 Spells                   Type           Power        Failure   Level  Hunger
 Animate Skeleton         Necr           N/A          1%          1    N/A
 Animate Dead             Necr           N/A          1%          4    N/A
 Confusing Touch          Hex            ##....       7%          1    N/A
 Corona                   Hex            ##.....      7%          1    N/A
 Sting                    Conj/Pois      ##..         7%          1    N/A
 Summon Small Mammal      Summ           ##..         7%          1    N/A
 Ensorcelled Hibernation  Hex/Ice        ##....       11%         2    N/A
 Poisonous Vapours        Pois/Air       ##....       11%         2    N/A
 Sticks to Snakes         Tmut           ##......     11%         2    N/A
 Confuse                  Hex            ##......     22%         3    N/A
 Dazzling Spray           Conj/Hex       ##....       22%         3    N/A
 Gell's Gravitas          Tloc           ##........   22%         3    N/A
 Mephitic Cloud           Conj/Pois/Air  ##......     22%         3    N/A
 Tukima's Dance           Hex            ##......     22%         3    N/A
 Olgreb's Toxic Radiance  Pois           ##......     56%         4    N/A
 Petrify                  Tmut/Erth      ##......     56%         4    N/A
 Metabolic Englaciation   Hex/Ice        ##........   89%         5    N/A
 Venom Bolt               Conj/Pois      ##........   89%         5    N/A
 Yara's Violent Unravell  Hex/Tmut       ##........   89%         5    N/A
 Regeneration             Chrm/Necr      Unusable     N/A         3    N/A
 Beastly Appendage        Tmut           Unusable     N/A         1    N/A
 Spider Form              Tmut/Pois      Unusable     N/A         3    N/A
 Ice Form                 Ice/Tmut       Unusable     N/A         4    N/A
 Blade Hands              Tmut           Unusable     N/A         5    N/A

Dungeon Overview and Level Annotations

Branches:
Dungeon (11/15)            Temple (1/1) D:4            Lair (2/6) D:10
  Snake (1/4) Lair:2
  Swamp: Lair:2-4    Shoals: Lair:2-4       Orc: D:9-12

Altars:
Ashenzari
Cheibriados
Dithmenos
Elyvilon
Fedhas
Gozag
Hepliaklqana
Kikubaaqudgha
Makhleb
Nemelex Xobeh
Okawaru
Qazlal
Ru
Sif Muna
Trog
Uskayaw
Vehumet
Wu Jian
Xom
Yredelemnul
Zin
The Shining One

Shops:
D:6 *

Annotations:
D:8 Gastronok
D:10 1 transporter


Innate Abilities, Weirdness & Mutations

You do not eat or drink.
Your flesh is vulnerable to fire.
You are immune to poison.
Your flesh is cold resistant. (rC+)
You are immune to negative energy. (rN+++)
You are immune to unholy pain and torment.
You can survive without breathing.


Message History

Casting: Corpse Rot (safe; 1% risk of failure)
Confirm with . or Enter, or press ? or * to list all spells.
Aiming: Vampiric Draining (safe; 1% risk of failure)
Press: ? - help, Shift-Dir - straight line, f - salamander
Aim: a salamander The salamander is lightly wounded.
You feel life coursing into your body.
The salamander hits you but does no damage.
The naga barely misses you.
Casting: Vampiric Draining (safe; 1% risk of failure)
Confirm with . or Enter, or press ? or * to list all spells.
Aiming: Vampiric Draining (safe; 1% risk of failure)
Press: ? - help, Shift-Dir - straight line, f/p - salamander
Aim: a salamander (lightly wounded)
The salamander is lightly wounded.
You feel life coursing into your body. The salamander hits you!
* * * LOW HITPOINT WARNING * * *
You are engulfed in flames!!
The fire burns you terribly!
You die...
Kikubaaqudgha rasps: "You have failed me!
Welcome... oblivion!"

#..#..#..##....
##..##.<†...#
##...#..####
##.#..#..
#.#..##...#
##.#..#####
#..##...# #...#
..# ###@# #)#
#N# # #N# ..#
..#. ##. # ##


You could see a salamander and a naga.

Vanquished Creatures
  A two-headed ogre (D:9)
  2 black mambas
  A spiny frog (Lair:1)
  A troll (D:9)
  2 hippogriffs
  Sigmund (D:2)
  8 yaks
  Eustachio (D:4)
  Grum (Lair:1)
  A basilisk (D:10)
  2 nagas
  4 porcupines
  5 water moccasins
  6 ice beasts
  2 orc warriors
  2 black bears
  A phantom (D:4)
  5 centaurs
  7 ogres
  3 wolves (Lair:1)
  5 crocodiles
  3 big kobolds
  9 bullfrogs
  A wyvern zombie (D:7)
  7 scorpions
  5 killer bees (D:9)
  5 wights
  5 howler monkeys
  4 crimson imps
  A centaur zombie (D:7)
  2 hounds
  8 orc priests
  A bullfrog skeleton (D:6)
  A jelly (D:9)
  A centaur skeleton (D:7)
  5 iguanas
  An orc wizard (D:7)
  Natasha (twice) (D:2)
  7 worker ants
  A hound skeleton (D:10)
  2 worker ant zombies
  4 gnolls (D:5)
  16 adders
  2 howler monkey skeletons
  5 shadow imps
  2 worms (D:3)
  5 leopard geckos
  22 orcs
  6 giant cockroaches
  2 goblins
  8 hobgoblins
  13 jackals
  19 kobolds
  6 quokkas
  5 bats
  2 frilled lizards (D:1)
  A quokka skeleton (D:8)
  8 rats
  2 fungi (D:10)
260 creatures vanquished.

Vanquished Creatures (collateral kills)
  A jackal (D:9)
1 creature vanquished.

Vanquished Creatures (others)
  3 fungi
  3 plants (D:10)
  4 toadstools (D:1)
10 creatures vanquished.

Grand Total: 271 creatures vanquished

Notes
Turn   | Place    | Note
-------+----------+-------------------------------------------
     0 | D:1      | Arixos the Mummy Necromancer began the quest for the Orb.
     0 | D:1      | Reached XP level 1. HP: 13/13 MP: 4/4
   286 | D:1      | Reached XP level 2. HP: 20/20 MP: 1/5
   287 | D:1      | Reached skill level 3 in Spellcasting
   974 | D:2      | Noticed Natasha
   982 | D:2      | Killed Natasha
   982 | D:2      | Reached skill level 1 in Fighting
   982 | D:2      | Reached XP level 3. HP: 8/26 MP: 7/7
  1346 | D:2      | Noticed Natasha
  1713 | D:2      | Killed Natasha
  1713 | D:2      | Reached XP level 4. HP: 24/33 MP: 9/9
  1962 | D:2      | Noticed Sigmund
  1973 | D:2      | Killed Sigmund
  1973 | D:2      | Reached skill level 4 in Spellcasting
  1973 | D:2      | Reached skill level 5 in Necromancy
  1973 | D:2      | Reached XP level 5. HP: 16/39 MP: 11/11
  1973 | D:2      | Reached XP level 6. HP: 19/46 MP: 11/12
  2163 | D:2      | Found a shimmering blue altar of Sif Muna.
  2166 | D:2      | Became a worshipper of Sif Muna the Loreminder
  2206 | D:2      | Learned a level 3 spell: Vampiric Draining
  2807 | D:3      | Found a burning altar of Makhleb.
  2945 | D:3      | Found a sacrificial altar of Ru.
  3185 | D:3      | Found a sparkling altar of Nemelex Xobeh.
  3314 | D:4      | Reached skill level 5 in Spellcasting
  3319 | D:4      | Reached XP level 7. HP: 29/52 MP: 12/14
  3325 | D:4      | Reached * piety under Sif Muna
  3595 | D:4      | Found a hazy altar of Hepliaklqana.
  3821 | D:4      | Noticed Eustachio
  3851 | D:5      | Entered Level 5 of the Dungeon
  3945 | D:4      | Killed Eustachio
  3945 | D:4      | Reached skill level 1 in Invocations
  4710 | D:4      | Reached XP level 8. HP: 52/60 MP: 16/16
  4734 | D:4      | Found a staircase to the Ecumenical Temple.
  4742 | D:4      | Reached skill level 6 in Spellcasting
  4752 | Temple   | Entered the Ecumenical Temple
  5256 | D:5      | Found a stormy altar of Qazlal.
  5584 | D:5      | Found a glowing golden altar of the Shining One.
  5613 | D:5      | Found a snail-covered altar of Cheibriados.
  5707 | D:5      | Reached skill level 5 in Fighting
  5876 | D:5      | Reached skill level 7 in Spellcasting
  6192 | D:6      | Found a white marble altar of Elyvilon.
  6333 | D:6      | Found Zin's Purification Station.
  6334 | D:6      | Found a glowing silver altar of Zin.
  6390 | D:6      | Reached XP level 9. HP: 61/68 MP: 19/19
  6495 | D:6      | Reached ** piety under Sif Muna
  6674 | D:6      | Reached skill level 5 in Dodging
  7798 | D:7      | Reached skill level 8 in Spellcasting
  8197 | D:7      | Found an ancient bone altar of Kikubaaqudgha.
  8264 | D:7      | Fell from the grace of Sif Muna
  8264 | D:7      | Became a worshipper of Kikubaaqudgha
  8757 | D:8      | Noticed Gastronok
  9798 | D:7      | Reached XP level 10. HP: 58/77 MP: 22/22
  9910 | D:8      | Found a basalt altar of Yredelemnul.
 10609 | D:9      | Noticed a two-headed ogre
 10640 | D:9      | Killed a two-headed ogre
 10640 | D:9      | Reached skill level 9 in Spellcasting
 10777 | D:9      | Identified Moxzok Ymie's Compendium of Evil Intoxication
 10841 | D:9      | Reached * piety under Kikubaaqudgha
 10841 | D:9      | Identified Kikubaaqudgha's Incunabulum of Evil Rituals
                  | (Kikubaaqudgha gifted it to you on level 9 of the Dungeon)
 10841 | D:9      | Received a gift from Kikubaaqudgha
 10886 | D:9      | Learned a level 2 spell: Corpse Rot
 11096 | D:9      | Identified a scroll of acquirement
 11215 | D:9      | Found an ornate altar of the Wu Jian Council.
 11835 | D:10     | Entered Level 10 of the Dungeon
 11851 | D:10     | Found a transporter.
 11877 | D:10     | Learned a level 1 spell: Apportation
 11878 | D:10     | Noticed an orc sorcerer
 11879 | D:10     | Noticed a fire crab
 11880 | D:10     | Noticed an orc sorcerer
 12034 | D:10     | Found a staircase to the Lair.
 12577 | D:11     | Reached skill level 10 in Spellcasting
 12723 | Lair:1   | Entered Level 1 of the Lair of Beasts
 13095 | Lair:1   | Reached XP level 11. HP: 86/86 MP: 25/25
 13129 | Lair:1   | Noticed Grum
 13154 | Lair:1   | Killed Grum
 14397 | Lair:2   | Reached ** piety under Kikubaaqudgha
 15076 | Lair:2   | Found a staircase to the Snake Pit.
 15225 | Lair:2   | Noticed a six-headed hydra
 15289 | Lair:2   | Noticed a four-headed hydra
 15520 | Snake:1  | Entered Level 1 of the Snake Pit
 15585 | Snake:1  | Mangled by a salamander

Levels and vault maps discovered:
D:1:      ldierk_water_garden, layout_basic
D:2:      layout_rooms, lemuel_blue_sif_altar, item_on_display_a, uniq_sigmund,
          uniq_natasha
D:3:      layout_rooms, old_standard_altar, makhleb_heckhound_becter,
          nemelex_altar_shiori
D:4:      layout_gridville, overflow_temple_1_default,
          minmay_temple_entry_junction, first_ration, uniq_eustachio
D:5:      layout_basic, old_standard_altar, kennysheep_little_box,
          cheibriados_altar_1
D:6:      layout_loops_ring, zin_purify, elyvilon_altar_4
D:7:      layout_loops_cross, kiku_gazebo_pond_becter, hangedman_decor_growths
D:8:      layout_basic, kennysheep_mini_moat, uniq_gastronok
D:9:      layout_basic, lemuel_doored_altar
D:10:     gammafunk_wand_slinger, layout_cave_pools, minmay_lair_entry_grove,
          basic_altar, nicolae_blasting_shop
D:11:     layout_basic
Temple:   dpeg_three_leaves_temple
Lair:1:   layout_hall_layers, uniq_grum
Lair:2:   layout_loops_ring, guppyfry_snake_entry_island, grunt_megastairs_1
Snake:1:  layout_onion_interference, ebering_ghost_disaster_area

Skill      XL: |  1  2  3  4  5  6  7  8  9 10 11 |
---------------+----------------------------------+-----
Spellcasting   | 3 4 5 7 8 10 | 10.7
Fighting       | 1 2 3 4 5 6 8 |  8.6
Dodging        | 2 3 4 5 6 7 |  7.4
Necromancy     | 5 6 7 9 |  9.6
Invocations    | 1 3 4 |  4.6
Stealth        | |  1.5

Action                   |  1- 3 |  4- 6 |  7- 9 | 10-12 || total
-------------------------+-------+-------+-------+-------++-------
Melee: Dagger            |     4 |     2 |     1 |       ||     7
       Staff             |       |       |    34 |       ||    34
       Mace              |       |       |   419 |   484 ||   903
 Cast: Pain              |    63 |   107 |   240 |    80 ||   490
       Vampiric Draining |       |       |    25 |    67 ||    92
       Corpse Rot        |       |       |       |    14 ||    14
       Apportation       |       |       |       |     1 ||     1
Invok: Channel Magic     |       |       |     2 |       ||     2
Evoke: Phial of floods   |       |       |       |     1 ||     1
  Use: Scroll            |     1 |     3 |    14 |     6 ||    24
 Stab: Sleeping          |       |       |     1 |       ||     1
Armor: Robe              |     9 |     5 |       |       ||    14
       Leather armour    |       |       |   173 |    34 ||   207
       Troll leather arm |       |       |       |   122 ||   122
Dodge: Dodged            |    22 |    21 |   392 |   470 ||   905
Block: Other             |       |       |    82 |   188 ||   270
       Reflection        |       |       |       |     5 ||     5

Table legend:
 A = Non-vault XP
 B = Vault XP
 C = Vault XP percentage of total XP
 D = Non-vault monster count
 E = Vault monster count
 F = Vault count percentage of total count
                 A         B        C        D         E       F
            +---------+---------+-------+---------+---------+-------
      Total |   11783 |    3448 |  22.6 |     234 |      25 |   9.7
            +---------+---------+-------+---------+---------+-------
        D:1 |      23 |       0 |   0.0 |      14 |       0 |   0.0
        D:2 |      92 |     266 |  74.3 |      19 |       2 |   9.5
        D:3 |     227 |      43 |  15.9 |      32 |       1 |   3.0
        D:4 |     692 |     191 |  21.6 |      15 |       1 |   6.2
        D:5 |    1186 |       0 |   0.0 |      26 |       0 |   0.0
        D:6 |     940 |       2 |   0.2 |      22 |       1 |   4.3
        D:7 |    1587 |       0 |   0.0 |      37 |       0 |   0.0
        D:8 |     435 |       0 |   0.0 |      15 |       0 |   0.0
        D:9 |    2554 |       0 |   0.0 |      22 |       0 |   0.0
       D:10 |     363 |     847 |  70.0 |      12 |       7 |  36.8
       D:11 |      11 |    1034 |  98.9 |       1 |       5 |  83.3
     Lair:1 |    1005 |     527 |  34.4 |       6 |       4 |  40.0
     Lair:2 |    2018 |     538 |  21.0 |      11 |       4 |  26.7
    Snake:1 |     650 |       0 |   0.0 |       2 |       0 |   0.0
            +---------+---------+-------+---------+---------+-------
